[Event "*** Titled Tuesday Blitz"]
[Site "Chess.com"]
[Date "2021.03.02"]
[Round "2"]
[White "Lyschko"]
[Black "Jan1401"]
[Result "1-0"]
[WhiteElo "2191"]
[BlackElo "2399"]
[TimeControl "180+1"]
[EndTime "10:15:54 PST"]
[Termination "Lyschko won by checkmate"]

1. c4 c5 2. g3 g6 3. Bg2 Bg7 4. Nc3 Nc6 5. a3 Nf6 6. Rb1 a5 7. Nf3 d5 8. cxd5 Nxd5 9. Nxd5 Qxd5 10. O-O Qa2 11. Qc2 Be6 12. d4 Bb3 13. Qxc5 Qxb1 14. Bh6 Qxf1+ 15. Kxf1 Bxh6 16. d5 Na7 17. Qc3 O-O 18.
Qxb3 b5 19. h4 Rab8 20. Nd4 Bg7 21. Nc6 Nxc6 22. dxc6 Be5 23. Kg1 Bd6 24. h5 Kg7 25. Qe3 gxh5 26. Qg5+ Kh8 27. Qxh5 b4 28. Be4 Kg7 29.
Qxh7+ Kf6 30. Qf5+ Kg7 31. Qg5+ Kh8 32. Qh6+ Kg8 33.
Qh7# 1-0

[Event "*** Titled Tuesday Blitz"]
[Site "Chess.com"]
[Date "2021.03.02"]
[Round "2"]
[White "Jadeit90"]
[Black "Maddie"]
[Result "1-0"]
[WhiteElo "2385"]
[BlackElo "2073"]
[TimeControl "180+1"]
[EndTime "10:15:59 PST"]
[Termination "Jadeit90 won by resignation"]

1. g3 d5 2. Bg2 Nf6 3. c4 dxc4 4.
Qa4+ c6 5. Qxc4 Bf5 6. Nf3 e6 7. O-O Be7 8. d4 O-O 9. Nc3 Nbd7 10. Re1 Nb6 11. Qb3 Bg6 12. e4 c5 13. Rd1 Qc7 14. Bf4 Qc8 15. d5 c4 16. Qb5 exd5 17. exd5 Rd8 18. d6 Bf8 19. Ne5 Nfd7 20. Nxg6 hxg6 21. Nd5 Nxd5 22. Bxd5 Nb6 23. Bf3 Qd7 24. Qg5 Rac8 25.
Bg4 f5 26. Bf3 Qf7 27. h4 c3 28. bxc3 Rxc3 29. Kg2 Rc2 30. Qxd8 1-0

[Event "*** Titled Tuesday Blitz"]
[Site "Chess.com"]
[Date "2021.03.02"]
[Round "2"]
[White "Kislov_Oleg"]
[Black "Rud_Makarian"]
[Result "0-1"]
[WhiteElo "2514"]
[BlackElo "2780"]
[TimeControl "180+1"]
[EndTime "10:16:00 PST"]
[Termination "Rud_Makarian won by resignation"]

1. e4 Nc6 2. Nf3 d6 3. d4 Bg4 4. d5 Bxf3 5. Qxf3 Ne5 6. Qb3 Rb8 7. f4 Nd7 8. Be3 c5 9. Nc3 a6 10. a4 g6 11. e5 Bg7 12. e6 Ndf6 13. Bd3 Nh6 14. O-O O-O 15. f5 Nfg4 16. Bxh6 Bxh6 17. Qc4 Ne5 18. Qe4 c4 19. Be2 Qb6+ 20. Kh1 Qxb2 21.
Qd4 Qb4 22. exf7+ Rxf7 23. fxg6 Rxf1+ 24. Rxf1 hxg6 25. Qh4 Rf8 26. Qh5 Rxf1+ 27. Bxf1 gxh5 0-1

[Event "*** Titled Tuesday Blitz"]
[Site "Chess.com"]
[Date "2021.03.02"]
[Round "2"]
[White "InitiatingASC"]
[Black "Alexandercs432"]
[Result "1-0"]
[WhiteElo "2441"]
[BlackElo "2218"]
[TimeControl "180+1"]
[EndTime "10:16:02 PST"]
[Termination "InitiatingASC won on time"]

1. d4 Nf6 2. c4 e6 3. Nc3 Bb4 4. e3 O-O 5. Bd3 c5 6. Nf3 d5 7.
O-O dxc4 8. Bxc4 Nc6 9. a3 Bxc3 10. bxc3 Qc7 11. Bd3 e5 12. dxe5 Nxe5 13. Nxe5 Qxe5 14. Bb2 Bg4 15. Qc2 h6 16. c4 Qe7 17. h3 Be6 18.
Rab1 b6 19. Qc3 Rad8 20. Rbd1 Rd7 21. Bb1 Rfd8 22. Rxd7 Rxd7 23. Qc2 g6 24. Qc3 Kg7 25. f4 Bf5 26. e4 Be6 27. f5 gxf5 28. exf5 1-0

[Event "*** Titled Tuesday Blitz"]
[Site "Chess.com"]
[Date "2021.03.02"]
[Round "2"]
[White "PowerThinking2650"]
[Black "DonPreuss"]
[Result "0-1"]
[WhiteElo "2458"]
[BlackElo "2287"]
[TimeControl "180+1"]
[EndTime "10:16:03 PST"]
[Termination "DonPreuss won on time"]

1. e4 Nc6 2. d4 e5 3. Nf3 exd4 4. Nxd4 Bc5 5. Nxc6 bxc6 6. Bd3 d6 7. O-O Ne7 8. Nc3 a5 9. Na4 Ba7 10. c4 Bd4 11. c5 dxc5 12. Bf4 O-O 13. Rc1 Ng6 14. Bg3 f5 15. exf5 Bxf5 16. Nxc5 Bxc5 17. Bxf5 Rxf5 18.
Qxd8+ Rxd8 19. Bxc7 Rd2 0-1

[Event "*** Titled Tuesday Blitz"]
[Site "Chess.com"]
[Date "2021.03.02"]
[Round "2"]
[White "dhaessel"]
[Black "Julianos82"]
[Result "1-0"]
[WhiteElo "1959"]
[BlackElo "2347"]
[TimeControl "180+1"]
[EndTime "10:16:04 PST"]
[Termination "dhaessel won by checkmate"]

1. d4 d5 2. c4 dxc4 3. e4 Nc6 4. Nf3 Bg4 5. Be3 e5 6. h3 Bxf3 7. Qxf3 Nxd4 8. Bxd4 Qxd4 9. Nc3 Bb4 10. Rd1 Bxc3+ 11.
bxc3 Qc5 12. Rd5 Qe7 13. Bxc4 Nf6 14. Rd1 Qc5 15. Bb3 Qb5 16. g4 h6 17. Qf5 Qc6 18. Qxe5+ Kf8 19. O-O Re8 20. Qa5 Qxe4 21. Qxc7 Re7 22. Rd8+ Ne8 23. Rxe8+ Rxe8 24. Qxf7# 1-0

[Event "*** Titled Tuesday Blitz"]
[Site "Chess.com"]
[Date "2021.03.02"]
[Round "2"]
[White "davidkalashian"]
[Black "rasmussvane"]
[Result "0-1"]
[WhiteElo "2577"]
[BlackElo "2959"]
[TimeControl "180+1"]
[EndTime "10:16:05 PST"]
[Termination "rasmussvane won by resignation"]

1. d4 d5 2. Nf3 e6 3. c4 a6 4. e3 Nf6 5. Nc3 dxc4 6. Bxc4 b5 7.
Bd3 Bb7 8. O-O Nbd7 9. b3 c5 10. Bb2 Bd6 11. Qe2 O-O 12. Rfd1 Qc7 13. h3 Rac8 14.
Rac1 Qb8 15. Bb1 Rfd8 16. Ng5 cxd4 17. exd4 Bf4 18. Nxe6 fxe6 19. Qxe6+ Kh8 20. Rc2 Re8 21. Qf5 Bh2+ 22. Kh1 Qf4 23. Qd3 Qg5 24. Qf1 Bd6 25. Re2 Qf4 26. Rxe8+ Rxe8 0-1

[Event "*** Titled Tuesday Blitz"]
[Site "Chess.com"]
[Date "2021.03.02"]
[Round "2"]
[White "malakismayil"]
[Black "Sanyura"]
[Result "0-1"]
[WhiteElo "2320"]
[BlackElo "2610"]
[TimeControl "180+1"]
[EndTime "10:16:10 PST"]
[Termination "Sanyura won by checkmate"]

1. e4 c6 2. d4 d5 3. exd5 cxd5 4. Bd3 Nc6 5. c3 Qc7 6. h3 Nf6 7. Nf3 e6 8. O-O Bd6 9. Nbd2 h6 10. Bb5 O-O 11. Re1 Bd7 12. Nf1 Ne4 13. Ne3 f5 14. Bd3 Rf6 15. Qe2 Raf8 16. Bd2 Rg6 17. Rf1 Qd8 18.
c4 f4 19. Ng4 h5 20. Bxe4 dxe4 21. Qxe4 hxg4 22. Qxg6 gxf3 23. d5 Ne5 24. Qe4 fxg2 25. Rfe1 exd5 26. Qxd5+ Kh8 27. Rxe5 Bxe5 28. Qxe5 Qh4 29.
Bc3 Rf6 30. Qb8+ Kh7 31. Kxg2 Qxh3+ 32. Kg1 Rg6# 0-1

[Event "*** Titled Tuesday Blitz"]
[Site "Chess.com"]
[Date "2021.03.02"]
[Round "2"]
[White "Chesspirate_Channel"]
[Black "m_ezat"]
[Result "1-0"]
[WhiteElo "2331"]
[BlackElo "2531"]
[TimeControl "180+1"]
[EndTime "10:16:11 PST"]
[Termination "Chesspirate_Channel won on time"]

1. d4 Nf6 2. Nc3 d5 3. Bg5 Nbd7 4. f3 c5 5. e4 cxd4 6. Qxd4 e5 7. Qa4 d4 8. Nd5 Be7 9. Nxe7 Qxe7 10. Bd3 O-O 11. b4 h6 12. Bh4 a5 13. a3 Qd6 14.
Ne2 Nb6 15. Qb5 axb4 16. O-O bxa3 17. f4 Ng4 18. h3 Ne3 19. fxe5 Qg6 20. Rf2 Ra4 21.
Be7 Re8 22. Qxe8+ Kh7 23. Bc5 Bd7 24. Qxf7 Qxf7 25. Rxf7 Be6 26. Rxb7 1-0

[Event "*** Titled Tuesday Blitz"]
[Site "Chess.com"]
[Date "2021.03.02"]
[Round "2"]
[White "Tekushka"]
[Black "Buryshin_Vasyl"]
[Result "1-0"]
[WhiteElo "2445"]
[BlackElo "2222"]
[TimeControl "180+1"]
[EndTime "10:16:13 PST"]
[Termination "Tekushka won on time"]

1. e4 c5 2. Nf3 Nc6 3. Bb5 d6 4.
O-O Bd7 5. Re1 Nf6 6. c3 g6 7. d4 cxd4 8. cxd4 Bg7 9. h3 O-O 10.
Nc3 Rc8 11. Bg5 Qa5 12. Qd2 a6 13. Bf1 Rfe8 14. Bh6 Bh8 15. Rac1 Rc7 16. e5 dxe5 17. dxe5 Be6 18. exf6 Bxf6 19. Ne4 Rd8 20. Qxa5 Nxa5 21. Nxf6+ exf6 22. Rxc7 Rb8 23. Nd4 1-0

[Event "*** Titled Tuesday Blitz"]
[Site "Chess.com"]
[Date "2021.03.02"]
[Round "2"]
[White "Hikaru"]
[Black "Federtiu"]
[Result "1-0"]
[WhiteElo "3240"]
[BlackElo "2601"]
[TimeControl "180+1"]
[EndTime "10:16:17 PST"]
[Termination "Hikaru won on time"]

1. h3 e5 2. e4 Bc5 3. Nf3 d6 4. c3 Nf6 5. d4 exd4 6. cxd4 Bb6 7. Bd3 O-O 8. O-O Nc6 9. Bc2 Re8 10. Nc3 h6 11. a3 a6 12. Re1 Na5 13. b4 Nc4 14. Qd3 d5 15. e5 Ne4 16. Nxe4 dxe4 17.
Rxe4 Be6 18. Rh4 Qd5 19. Qh7+ Kf8 20. Be4 Qb5 21. a4 Qxb4 22. d5 Qc5 23. dxe6 Qxf2+ 24. Kh2 Nxe5 25. Ba3+ c5 26. Rf4 Bc7 27. Kh1 Rxe6 28.
Qh8+ Ke7 29. Qxa8 Nxf3 30. Rxf3 Qd4 31. Raf1 1-0

[Event "*** Titled Tuesday Blitz"]
[Site "Chess.com"]
[Date "2021.03.02"]
[Round "2"]
[White "Angel_Hranitel_37"]
[Black "German_Bazeev"]
[Result "0-1"]
[WhiteElo "2503"]
[BlackElo "2732"]
[TimeControl "180+1"]
[EndTime "10:16:18 PST"]
[Termination "German_Bazeev won by resignation"]

1. d4 Nf6 2. c4 e6 3. Nf3 d5 4.
e3 c6 5. Nc3 Nbd7 6. b3 Bd6 7.
Qc2 O-O 8. Bb2 Qe7 9. Be2 b6 10. O-O Bb7 11. Rfd1 Rad8 12. e4 Nxe4 13. Nxe4 dxe4 14.
Qxe4 Nf6 15. Qh4 c5 16. Re1 Ne4 17. Bd3 Qxh4 18. Nxh4 Nf6 19. Rad1 cxd4 20. Bxd4 Bb4 21. Bxf6 gxf6 22. Re3 f5 23. Nf3 Rd6 24. Kf1 Rfd8 25.
Ke2 Bc5 26. Re5 f6 27. Rxc5 Bxf3+ 28. Kxf3 bxc5 29. Ke2 Kf8 30. f3 e5 31. Ke3 h5 32. h3 h4 33. Rd2 f4+ 34. Ke2 f5 35. Rd1 Ke7 36. Bc2 Rxd1 37. Bxd1 e4 38. Bc2 Rd4 39.
Bb1 Kf6 40. Bc2 Ke5 41. Bb1 e3 42. Bd3 a5 43. a3 Rd8 44. a4 Rd7 45. Bb1 Rd2+ 46.
Kf1 Rd1+ 0-1

[Event "*** Titled Tuesday Blitz"]
[Site "Chess.com"]
[Date "2021.03.02"]
[Round "2"]
[White "Kobalia"]
[Black "anon481216"]
[Result "1-0"]
[WhiteElo "2687"]
[BlackElo "2478"]
[TimeControl "180+1"]
[EndTime "10:16:21 PST"]
[Termination "Kobalia won by resignation"]

1. e4 c5 2. Nf3 d6 3. Bb5+ Nd7 4.
O-O a6 5. Bd3 Ngf6 6. c3 b5 7. Bc2 Bb7 8. Qe2 c4 9. b3 cxb3 10.
axb3 e6 11. d4 Be7 12. c4 bxc4 13. bxc4 O-O 14. h3 d5 15. cxd5 exd5 16. e5 Ne4 17.
Nbd2 f5 18. Nb3 a5 19. Bd3 a4 20. Nbd2 a3 21. e6 Ndf6 22. Ne5 g6 23. Nb3 Qb6 24. Nc5 Bxc5 25. dxc5 Qxc5 26. Nd7 Nxd7 27.
exd7 Qd6 28. Bxe4 fxe4 29. Rd1 Qxd7 30. Bxa3 Rf5 31. Bb2 Raf8 32. Bd4 Bc6 33. Ra7 1-0

[Event "*** Titled Tuesday Blitz"]
[Site "Chess.com"]
[Date "2021.03.02"]
[Round "2"]
[White "Problematique_99"]
[Black "ChristopherYoo"]
[Result "0-1"]
[WhiteElo "2431"]
[BlackElo "2900"]
[TimeControl "180+1"]
[EndTime "10:16:22 PST"]
[Termination "ChristopherYoo won by resignation"]

1. e4 c5 2. Nc3 Nc6 3. Bb5 Nd4 4. Nf3 e6 5. O-O a6 6. Bd3 Nc6 7. e5 f5 8. a4 g5 9. h3 h5 10. Re1 Bg7 11. Bxf5 exf5 12. d4 Nxd4 13. Nxg5 Ne7 14. f4 Ne6 15. Nf3 b6 16. Nh4 Bb7 17.
Qd3 O-O 18. Qd1 Qe8 19. Ne2 Ng6 0-1

[Event "*** Titled Tuesday Blitz"]
[Site "Chess.com"]
[Date "2021.03.02"]
[Round "2"]
[White "enriquetejedor"]
[Black "SGchess01"]
[Result "0-1"]
[WhiteElo "2537"]
[BlackElo "2846"]
[TimeControl "180+1"]
[EndTime "10:16:25 PST"]
[Termination "SGchess01 won on time"]

1. e4 e5 2. Nf3 Nc6 3. Bb5 a6 4. Ba4 Nf6 5. O-O b5 6. Bb3 Bc5 7. d3 h6 8. Be3 Bxe3 9. fxe3 d6 10. a3 O-O 11. Nc3 Be6 12. Nd5 Nd7 13. Qe1 a5 14. a4 b4 15. Nh4 Nc5 16. Bc4 Ne7 17. Qg3 Nxd5 18. Bxd5 Bxd5 19. exd5 Qg5 20. Qxg5 hxg5 21. Nf5 Rfe8 22. b3 e4 23. d4 Nd7 24. Ng3 g6 25. Ne2 f5 26. Rac1 Nf6 27. c4 Ng4 28. Rfe1 Nxe3 29.
h3 f4 30. Kf2 Nf5 31. Ng1 e3+ 0-1

[Event "*** Titled Tuesday Blitz"]
[Site "Chess.com"]
[Date "2021.03.02"]
[Round "2"]
[White "BvsN"]
[Black "r31415"]
[Result "1-0"]
[WhiteElo "2311"]
[BlackElo "2483"]
[TimeControl "180+1"]
[EndTime "10:16:25 PST"]
[Termination "BvsN won on time"]

1. c4 Nf6 2. Nc3 d5 3. cxd5 Nxd5 4. Nf3 g6 5. h4 Bg7 6. e4 Nxc3 7. dxc3 Qxd1+ 8. Kxd1 Nd7 9. Bf4 Nc5 10. Nd2 c6 11.
h5 gxh5 12. Kc2 b6 13. Rxh5 Bb7 14. Be2 Ne6 15. Be3 O-O-O 16. Rah1 Nf8 17. f3 Rd6 18.
Bf4 Rg6 19. g4 c5 20. Nc4 Re6 21. Ne3 Ng6 22. Bg3 Nf8 23. Nf5 Bf6 24. Bc4 1-0

[Event "*** Titled Tuesday Blitz"]
[Site "Chess.com"]
[Date "2021.03.02"]
[Round "2"]
[White "kekic76"]
[Black "PattyCastillo"]
[Result "1-0"]
[WhiteElo "2377"]
[BlackElo "2030"]
[TimeControl "180+1"]
[EndTime "10:16:26 PST"]
[Termination "kekic76 won by resignation"]

1. e4 c5 2. Nf3 d6 3. d4 cxd4 4. Nxd4 Nf6 5. Nc3 a6 6. Bg5 e6 7. f4 h6 8. Bxf6 Qxf6 9. Qd2 Nc6 10. Nf3 Qd8 11. O-O-O Be7 12. Kb1 Qc7 13. g4 b5 14. h4 Bb7 15. Bd3 Rc8 16. g5 b4 17.
Ne2 a5 18. Ng3 a4 19. Bb5 a3 20. b3 Qb6 21. Bd3 h5 22. g6 Bf6 23. gxf7+ Kxf7 24. Ng5+ Bxg5 25. hxg5 g6 26. f5 Qd4 27. Qc1 Qb2+ 28. Qxb2 axb2 29. Bc4 d5 30. fxe6+ Kxe6 31. exd5+ Ke7 32.
dxc6 Bxc6 33. Rhe1+ Kf8 34. Rd6 Bf3 35. Rf6+ 1-0

[Event "*** Titled Tuesday Blitz"]
[Site "Chess.com"]
[Date "2021.03.02"]
[Round "2"]
[White "kamilianin235"]
[Black "Leo_C"]
[Result "0-1"]
[WhiteElo "2199"]
[BlackElo "2421"]
[TimeControl "180+1"]
[EndTime "10:16:28 PST"]
[Termination "Leo_C won on time"]

1. e4 Nf6 2. e5 Nd5 3. c4 Nb6 4.
d4 d6 5. exd6 cxd6 6. Nc3 g6 7.
Be3 Bg7 8. Rc1 O-O 9. b3 Bf5 10. Nf3 Nc6 11. Be2 d5 12. c5 Nc8 13. O-O Bg4 14. h3 Bxf3 15. Bxf3 e6 16. a3 N8e7 17. b4 Nf5 18. Ne2 Qf6 19. Qd2 Ncxd4 20. Bg5 Nxe2+ 21.
Bxe2 Qb2 22. Qd3 h6 23. Bf4 Qd4 24. Qxd4 Nxd4 25. Bd3 e5 26. Be3 e4 27. Bxd4 Bxd4 28.
Bb1 Bb2 29. Rcd1 Rfd8 30. a4 Ba3 31. Rd4 Bb2 32. Rdd1 f5 33. Ba2 Kg7 34. Bxd5 Rd7 35. Bc4 Rad8 0-1

[Event "*** Titled Tuesday Blitz"]
[Site "Chess.com"]
[Date "2021.03.02"]
[Round "2"]
[White "Gahan-MG"]
[Black "andrzej"]
[Result "1-0"]
[WhiteElo "2635"]
[BlackElo "2342"]
[TimeControl "180+1"]
[EndTime "10:16:29 PST"]
[Termination "Gahan-MG won by resignation"]

1. e4 c5 2. c3 d5 3. exd5 Qxd5 4. d4 e6 5. Nf3 Nf6 6. Be3 cxd4 7. cxd4 Nc6 8. Nc3 Qd8 9. a3 Be7 10. Bd3 O-O 11.
O-O b6 12. Rc1 Bb7 13. Bb1 Rc8 14. Qd3 g6 15. Rfd1 Qd6 16. Ba2 Rfd8 17. Bg5 Ng4 18. Ne4 Qd7 19. h3 f5 20. hxg4 fxe4 21.
Qxe4 Nxd4 22. Qxd4 Qxd4 23. Bxe6+ Kg7 24. Rxd4 Bxg5 25. Bxc8 Rxd4 26. Rc7+ Kf6 27. Nxd4 1-0

[Event "*** Titled Tuesday Blitz"]
[Site "Chess.com"]
[Date "2021.03.02"]
[Round "2"]
[White "igorkovalenko"]
[Black "KroshkaKami"]
[Result "1-0"]
[WhiteElo "2886"]
[BlackElo "2342"]
[TimeControl "180+1"]
[EndTime "10:16:29 PST"]
[Termination "igorkovalenko won by resignation"]

1. e4 g6 2. d4 Bg7 3. c3 d6 4.
Nd2 Nf6 5. Ngf3 O-O 6. Be2 c6 7. O-O Nbd7 8. a4 a5 9. Qc2 e5 10. dxe5 dxe5 11. Nc4 Qe7 12. b3 Nh5 13. Ba3 Nc5 14. g3 f5 15. Nb6 Rb8 16. Nxc8 Rbxc8 17. exf5 Rxf5 18. Nd2 Nf6 19. Rae1 b6 20. Bf3 Nd5 21. Bg2 Rcf8 22. Ne4 h5 23. h4 Kh8 24. Qe2 Qa7 25. Bxc5 bxc5 26. Qc4 Rb8 27. Qxc5 Qxc5 28.
Nxc5 Nxc3 29. Kh2 Bf8 30. Nd7 Rxb3 31. Nxe5 c5 32. Nxg6+ Kg7 33. Nf4 Bd6 34. Ne6+ Kf6 35. f4 Ra3 36. Ng5 Kg7 37. Re6 Rf6 38. Re3 c4 39. Rc1 Nxa4 40. Rxa3 Bxa3 41. Rxc4 Bb4 42. Rc7+ Kg8 43. Bd5+ Kf8 44. Nh7+ Ke8 45. Nxf6+ Kd8 46. Rd7+ 1-0

[Event "*** Titled Tuesday Blitz"]
[Site "Chess.com"]
[Date "2021.03.02"]
[Round "2"]
[White "Romadk"]
[Black "beto-betun"]
[Result "1-0"]
[WhiteElo "2426"]
[BlackElo "2201"]
[TimeControl "180+1"]
[EndTime "10:16:29 PST"]
[Termination "Romadk won by resignation"]

1. d4 Nf6 2. Nf3 g6 3. c4 Bg7 4.
Nc3 O-O 5. Bg5 d6 6. e3 Nbd7 7.
Be2 c5 8. d5 a6 9. a4 Rb8 10. O-O h6 11. Bh4 g5 12. Bg3 Re8 13.
Qc2 Nf8 14. Bd3 Bg4 15. Nd2 N6d7 16. f4 Bh5 17. Nde4 f6 18. Be1 b6 19. Ng3 Bf7 20.
Nf5 e6 21. Nxd6 Re7 22. Nxf7 Rxf7 23. fxg5 hxg5 24. Bg6 Nxg6 25. dxe6 Nge5 26. exf7+ Kxf7 27. Nd5 Nf8 28. Bg3 Nfg6 29. Rad1 Qc8 30. Qe4 Qe6 31.
Rf5 b5 32. axb5 axb5 33. Rdf1 Re8 34. Nc7 Qxc4 35. Qxc4+ Nxc4 36. Nxe8 Kxe8 37. Rxc5 Nxe3 38. Re1 1-0

[Event "*** Titled Tuesday Blitz"]
[Site "Chess.com"]
[Date "2021.03.02"]
[Round "2"]
[White "KononenkoD"]
[Black "Walter_White_Poland"]
[Result "1-0"]
[WhiteElo "2521"]
[BlackElo "2298"]
[TimeControl "180+1"]
[EndTime "10:16:30 PST"]
[Termination "KononenkoD won on time"]

1. d4 Nf6 2. c4 e6 3. g3 c5 4. Nf3 cxd4 5. Nxd4 Nc6 6. Bg2 Qb6 7. Nb5 d5 8. O-O a6 9. cxd5 axb5 10. dxc6 bxc6 11. Be3 Bc5 12. Bxc5 Qxc5 13. Nd2 Qb6 14. b4 O-O 15. Nb3 e5 16. Qc2 Nd5 17. a3 Be6 18. Nc5 Rac8 19. Rfd1 Qb8 20. Rd3 Nb6 21. Nxe6 fxe6 22. Qc5 Nc4 23.
Rad1 Rf6 24. Rd7 1-0

[Event "*** Titled Tuesday Blitz"]
[Site "Chess.com"]
[Date "2021.03.02"]
[Round "2"]
[White "Lovkov_Roman"]
[Black "blitis"]
[Result "1-0"]
[WhiteElo "2710"]
[BlackElo "2485"]
[TimeControl "180+1"]
[EndTime "10:16:34 PST"]
[Termination "Lovkov_Roman won on time"]

1. e4 c5 2. c3 d5 3. exd5 Qxd5 4. Nf3 g6 5. Na3 Bg7 6. Bc4 Qd8 7. d4 cxd4 8. Nb5 Nf6 9. Bf4 Na6 10. Nbxd4 O-O 11. O-O Nc5 12. Re1 a6 13. Qe2 Re8 14. Rad1 Qb6 15. h3 e6 16. Ne5 Bd7 17. Ndf3 Rad8 18. Ng5 Nh5 19. Bh2 f6 20. Nxd7 Rxd7 21. Rxd7 fxg5 22.
Rd6 Qa7 23. b4 Na4 24. Rxe6 Rxe6 25. Qxe6+ 1-0

[Event "*** Titled Tuesday Blitz"]
[Site "Chess.com"]
[Date "2021.03.02"]
[Round "2"]
[White "Chamal_Gedgafov"]
[Black "Fighter008"]
[Result "0-1"]
[WhiteElo "2287"]
[BlackElo "2623"]
[TimeControl "180+1"]
[EndTime "10:16:34 PST"]
[Termination "Fighter008 won by resignation"]

1. d4 Nf6 2. c4 g6 3. Nc3 Bg7 4.
e4 d6 5. Nf3 O-O 6. Be2 Nbd7 7.
Be3 Ng4 8. Bg5 h6 9. Bh4 c5 10. d5 a6 11. O-O Rb8 12. h3 Ngf6 13. a4 Nh5 14. Qd2 g5 15. Nxg5 hxg5 16. Bxg5 Nhf6 17. f4 Nh7 18. Bh4 Qe8 19. Kh1 e6 20. Bd3 e5 21. f5 Bf6 22. Qh6 Qe7 23. Be1 Bg5 24.
Qh5 Qf6 25. Qe2 Qh6 26. Rf3 Kh8 27. Rg3 Ndf6 28. a5 Bd7 29. Na4 Bxa4 30. Rxa4 Bf4 31. Rf3 Rg8 32. b4 cxb4 33. Bxb4 Nh5 34. Qd1 Ng3+ 35.
Kg1 Ng5 36. c5 Nxh3+ 37. gxh3 Qxh3 38. Ra2 Nxe4+ 0-1

[Event "*** Titled Tuesday Blitz"]
[Site "Chess.com"]
[Date "2021.03.02"]
[Round "2"]
[White "enriquebutti"]
[Black "johnathan113"]
[Result "0-1"]
[WhiteElo "2169"]
[BlackElo "2607"]
[TimeControl "180+1"]
[EndTime "10:16:34 PST"]
[Termination "johnathan113 won by resignation"]

1. d4 Nf6 2. Nf3 g6 3. c4 Bg7 4.
Nc3 O-O 5. Bg5 d6 6. e3 Nbd7 7. Be2 h6 8. Bh4 e5 9. O-O g5 10. Bg3 Nh5 11. dxe5 Nxg3 12. hxg3 Nxe5 13. Nd4 f5 14. f4 Nc6 15. Qd2 Bd7 16. Bf3 Nxd4 17. exd4 c6 18. Rad1 Qe7 19. Rfe1 Qf6 20. d5 g4 21. Be2 c5 22. Bd3 h5 23. Re2 h4 24.
Qe1 Qd4+ 25. Kh2 hxg3+ 26. Kxg3 Qf6 27. Qh1 Bh6 28. Rde1 Rf7 29. Re6 Bxe6 30. Rxe6 Bxf4+ 31. Kxf4 Qd4+ 32. Kg5 Rg7+ 33. Rg6 Rxg6+ 34. Kxg6 Qg7+ 0-1

[Event "*** Titled Tuesday Blitz"]
[Site "Chess.com"]
[Date "2021.03.02"]
[Round "2"]
[White "Gurvich_Vitaly"]
[Black "UmarovSabir"]
[Result "1-0"]
[WhiteElo "2581"]
[BlackElo "2312"]
[TimeControl "180+1"]
[EndTime "10:16:34 PST"]
[Termination "Gurvich_Vitaly won on time"]

1. e4 g6 2. d4 Bg7 3. c4 c6 4. Nc3 d6 5. Be2 Qb6 6. d5 Bxc3+ 7. bxc3 Nf6 8. f3 Nbd7 9. Nh3 O-O 10. Nf2 Nc5 11. O-O cxd5 12. cxd5 Bd7 13. Be3 Qa5 14. Bd4 Rac8 15. c4 Na4 16. Qc1 b5 17. Qh6 bxc4 18.
g4 e5 19. dxe6 fxe6 20. g5 Ne8 21. Ng4 e5 22. Be3 Bxg4 23. fxg4 Ng7 24. Rf6 Qc3 25. Raf1 1-0

[Event "*** Titled Tuesday Blitz"]
[Site "Chess.com"]
[Date "2021.03.02"]
[Round "2"]
[White "liczner"]
[Black "serhanberat_ozdemir"]
[Result "0-1"]
[WhiteElo "2752"]
[BlackElo "2529"]
[TimeControl "180+1"]
[EndTime "10:16:35 PST"]
[Termination "serhanberat_ozdemir won by resignation"]

1. e4 c5 2. Nf3 e6 3. d4 cxd4 4.
Nxd4 a6 5. Bd3 Bc5 6. Nb3 Ba7 7. Qg4 Nf6 8. Qe2 Nc6 9. Be3 Qc7 10. O-O O-O 11.
Bxa7 Rxa7 12. N1d2 d6 13. c4 a5 14. c5 dxc5 15. Nf3 b6 16. e5 Nd5 17. Qe4 f5 18.
exf6 Nxf6 19. Qh4 a4 20. Nbd2 Rd8 21. Bc2 Nd4 22. Bb1 Bb7 23. Ng5 h6 24. Nge4 Nxe4 25. Nxe4 Raa8 26. Nc3 a3 27. bxa3 Rxa3 28. Ne4 Rf8 29.
Kh1 Rf4 30. Qh5 0-1

[Event "*** Titled Tuesday Blitz"]
[Site "Chess.com"]
[Date "2021.03.02"]
[Round "2"]
[White "Aradhya2000"]
[Black "urutodo"]
[Result "1-0"]
[WhiteElo "2529"]
[BlackElo "2303"]
[TimeControl "180+1"]
[EndTime "10:16:36 PST"]
[Termination "Aradhya2000 won by resignation"]

1. d4 c6 2. e4 d5 3. e5 Bf5 4. h4 h5 5. Bd3 Bxd3 6. Qxd3 e6 7. Bg5 Qa5+ 8. Nd2 Qa6 9. Qxa6 Nxa6 10. c3 Ne7 11. Ne2 Nf5 12. Nf3 Be7 13. Kd2 f6 14. Bf4 Kf7 15. Rae1 c5 16. a3 Rac8 17. Nc1 cxd4 18.
Nxd4 Nxd4 19. cxd4 Rc6 20. Nd3 Rhc8 21. Rc1 Rxc1 22.
Rxc1 Rxc1 23. Kxc1 Bd8 24. Kc2 g5 25. Bg3 f5 26. hxg5 Bxg5 27. a4 Nb8 28. b4 Nc6 29. Kc3 b6 30. f3 Ke7 31. Bf4 Bh4 32. g3 Bxg3 33. Bxg3 Kf7 34. Bh4 Kg6 35. Nf4+ 1-0

[Event "*** Titled Tuesday Blitz"]
[Site "Chess.com"]
[Date "2021.03.02"]
[Round "2"]
[White "pavelalexandru07"]
[Black "ama18"]
[Result "0-1"]
[WhiteElo "2275"]
[BlackElo "2478"]
[TimeControl "180+1"]
[EndTime "10:16:40 PST"]
[Termination "ama18 won by resignation"]

1. e4 c5 2. Nf3 d6 3. d4 cxd4 4. Nxd4 Nf6 5. Nc3 a6 6. Bg5 Nbd7 7. Qe2 Qc7 8. O-O-O h6 9. Bh4 g6 10. f4 e5 11. fxe5 dxe5 12. Nd5 Nxd5 13. exd5 Bd6 14. Kb1 O-O 15. Nb3 f5 16. c4 a5 17. Bf2 a4 18. Nc1 Nc5 19. Nd3 Nxd3 20. Qxd3 e4 21. Qd2 f4 22. Bd4 e3 23. Qc3 Bf5+ 24. Bd3 b6 25. Rc1 Bc5 26. Be5 Bxd3+ 27. Ka1 Qe7 28.
Qxd3 Qxe5 29. Qxg6+ Qg7 30. Qe6+ Kh8 0-1

[Event "*** Titled Tuesday Blitz"]
[Site "Chess.com"]
[Date "2021.03.02"]
[Round "2"]
[White "Durarbayli"]
[Black "Politov_Pavel"]
[Result "1-0"]
[WhiteElo "2780"]
[BlackElo "2403"]
[TimeControl "180+1"]
[EndTime "10:16:41 PST"]
[Termination "Durarbayli won by resignation"]

1. e4 Nc6 2. d4 d5 3. exd5 Qxd5 4. Be3 e5 5. Nc3 Bb4 6. dxe5 Qxd1+ 7. Rxd1 Nxe5 8.
Bd4 Bd6 9. f4 Ng6 10. Bxg7 Bxf4 11. Nf3 N8e7 12. Bxh8 Nxh8 13. Bc4 Bf5 14. O-O Bxc2 15.
Rde1 Bd6 16. Nd5 c6 17. Nxe7 Bxe7 18. Re2 Bf5 19. Nh4 Be6 20. Bxe6 fxe6 21. Rxe6 Kd7 22.
Rh6 c5 23. Rd1+ Kc7 24. Rxh7 Re8 25. Nf5 Ng6 26. Rg7 1-0

[Event "*** Titled Tuesday Blitz"]
[Site "Chess.com"]
[Date "2021.03.02"]
[Round "2"]
[White "gatocorbis"]
[Black "kuba2006"]
[Result "1-0"]
[WhiteElo "2064"]
[BlackElo "2362"]
[TimeControl "180+1"]
[EndTime "10:16:44 PST"]
[Termination "gatocorbis won by resignation"]

1. e4 Nf6 2. e5 Nd5 3. Nc3 Nxc3 4. dxc3 d6 5. Nf3 Bg4 6. Bc4 e6 7. exd6 Bxd6 8. h3 Bh5 9. Be3 O-O 10. g4 Bg6 11. Qd2 Be4 12. Be2 Nc6 13. O-O-O a5 14. Rhg1 a4 15. Nd4 a3 16. b3 Qe7 17. f3 Nxd4 18. Bxd4 Bc6 19. f4 e5 20. fxe5 Bxe5 21. Bxe5 Qxe5 22. Bd3 Rad8 23. Rde1 Qc5 24. h4 Bb5 25.
Rg3 Rfe8 26. Rge3 Rxe3 27. Rxe3 Bxd3 28. cxd3 b5 29. d4 Qc6 30. Kc2 Qg6+ 31. Qd3 Qxg4 32.
Qxb5 Qf5+ 33. Qxf5 1-0